 Dungeon Crawl Stone Soup version 0.28-a0-1227-ga9037bb4c8 (webtiles) character file.

Game seed: 12429704643154494241

213 ChaosChampion the Insei (level 5, -2/33 HPs)
             Began as an Octopode Transmuter on Dec 22, 2021.
             Slain by a river rat (9 damage)
             ... in a sewer.
             The game lasted 00:04:37 (3647 turns).

ChaosChampion the Insei (Octopode Transmuter)       Turns: 3647, Time: 00:04:37

Health: -2/33      AC:  2    Str:  9    XL:     5   Next: 90%
Magic:  3/8        EV: 20    Int: 17    God:
Gold:   17         SH:  0    Dex: 18    Spells: 2/8 levels left

rFire   . . .      SeeInvis .     - Unarmed
rCold   . . .      Faith    .   (shield currently unavailable)
rNeg    . . .      Spirit   .   (helmet currently unavailable)
rPois   x          Reflect  .   (no amulet)
rElec   .          Harm     .   (no ring)
rCorr   .          Rampage  .   (no ring)
Will    .....                   (no ring)
Stlth   ++........              (no ring)
HPRegen 0.11/turn               (no ring)
MPRegen 0.11/turn               (no ring)
                                (no ring)
                                (no ring)

@: spider-form (expiring), wereblooded
A: venomous fangs, almost no armour, (amphibious), 8 rings, tiny, (camouflage
1), (gelatinous body 1), (nimble swimmer 1), (tentacles)
a: End Transformation


You were in a sewer.
You were a venomous arachnid creature.
You visited 1 branch of the dungeon, and saw 3 of its levels.
You also visited: Sewer.

You collected 39 gold pieces.
You spent 22 gold pieces at shops.

Inventory:

Missiles
 i - 38 poisoned darts (quivered)
Jewellery
 c - a +6 ring of dexterity
 e - a +4 ring of protection
Scrolls
 d - a scroll of summoning
 f - 2 scrolls of identify
 g - a scroll of teleportation
 h - a scroll of brand weapon {unknown}
 j - 2 scrolls of fog {unknown}
Potions
 a - a potion of mutation {unknown}
 b - a potion of might {unknown}
 k - a potion of haste {unknown}
 l - a potion of heal wounds {unknown}


   Skills:
 + Level 1.6 Fighting
 + Level 2.4 Dodging
 + Level 4.9 Unarmed Combat
 + Level 2.3 Spellcasting
 + Level 3.4 Transmutations
 + Level 1.1 Poison Magic


You had 2 spell levels left.
You knew the following spells:

 Your Spells              Type           Power      Damage    Failure   Level
a - Beastly Appendage     Tmut           26%        N/A       14%         1
b - Wereblood             Tmut           13%        N/A       19%         2
c - Spider Form           Tmut/Pois      9%         N/A       43%         3

Your spell library contained the following spells:

 Spells                   Type           Power      Damage    Failure   Level
 Ozocubu's Armour         Ice            1%         N/A       71%         3
 Ice Form                 Ice/Tmut       7%         N/A       85%         4
 Ozocubu's Refrigeration  Ice            0%         4d5       100%        7


Dungeon Overview and Level Annotations

Branches:
Dungeon (3/15)              Sewer (1/1)

Altars:
Trog

Shops:
D:1 *   D:3 :


Innate Abilities, Weirdness & Mutations

You are a venomous arachnid creature.
You have poisonous fangs.
You are tiny and dextrous.
Your spellcasting is less reliable in this form.
Your armour is entirely melded.
You are incapable of wielding weapons or throwing items.
You cannot wear most types of armour.
((You are amphibious.))
You can wear up to eight rings at the same time.
((Your skin changes colour to match your surroundings (Stealth+).))
((Your rubbery body absorbs attacks. (AC +1, EV +1)))
((You are camouflaged when in or above water. (Stealth+)))
((You have tentacles for arms and can constrict up to eight enemies at once.))


Message History

The river rat is severely wounded.
You constrict the river rat. The river rat closely misses you.
The rat bites you.
You tentacle-slap the river rat but do no damage.
The river rat is almost dead.
You constrict the river rat, but do no damage.
The river rat bites you but does no damage.
You tentacle-slap the river rat but do no damage.
You squeeze the river rat.
You kill the river rat!
The river rat bites you! The river rat closely misses you.
The river rat barely misses you.
The rat twitches its whiskers.
You see here an adder corpse.
Casting: Wereblood (safe; 7% risk of failure)
Confirm with . or Enter, or press ? or * to list all spells.
Your blood is infused with primal strength.
The river rat bites you.
Casting: Wereblood (safe; 7% risk of failure)
Confirm with . or Enter, or press ? or * to list all spells.
The spell is quite dangerous to miscast (22% risk of failure)!
Continue anyway?
You turn into a venomous arachnid creature.
The river rat completely misses you.
You are too injured to fight recklessly!
You are too injured to fight recklessly!
You bite the river rat!
The river rat is poisoned.
The river rat is severely wounded.
The river rat misses you. The river rat barely misses you.
You hit the river rat but do no damage.
The river rat is severely wounded.
The rat misses you. The river rat completely misses you.
The river rat bites you.
* * * LOW HITPOINT WARNING * * *
You hit the rat.
You feel a bit better.
You kill the rat!
Your transformation is almost over.
The river rat twitches its whiskers.
The river rat bites you!
You die...

....≈≈≈≈≈≈≈≈≈....#
....≈≈≈≈≈≈≈≈#....#
..†.≈≈≈≈≈≈≈≈##†.##
#....≈≈≈≈≈≈≈##..#
#..†.≈≈≈≈≈≈##...#
##...≈≈≈≈≈≈#....##
##...≈≈≈≈≈≈≈..††.##
###..≈≈≈≈≈≈≈......#
###..≈≈≈≈≈≈≈...#sr#
.#...≈≈≈≈≈≈≈.###rr#
.....≈≈≈≈≈≈≈.###r.#
.....≈≈≈≈≈≈≈..#.r.#
#....≈≈≈≈≈≈......##
#.....≈≈≈≈≈......#
.......≈≈≈≈.....##
.......≈≈≈≈.....#
#......≈≈≈≈...††#


You could see 2 river rats and 3 rats.

Vanquished Creatures
  Natasha (D:2)
  Robin (D:2)
  4 adders
  4 river rats
  2 worms
  2 dart slugs
  5 endoplasms
  6 giant cockroaches
  16 goblins
  12 hobgoblins
  8 kobolds
  3 quokkas (D:3)
  8 ball pythons
  4 bats
  2 frilled lizards
  17 rats
95 creatures vanquished.

Notes
Turn   | Place    | Note
-------+----------+-------------------------------------------
     0 | D:1      | ChaosChampion the Octopode Transmuter began the quest for
                  | the Orb.
     0 | D:1      | Reached XP level 1. HP: 13/13 MP: 3/3
    91 | D:1      | Reached XP level 2. HP: 17/18 MP: 5/5
   183 | D:1      | Learned a level 2 spell: Wereblood
   509 | D:1      | Found Coppyrgh's General Store.
   528 | D:1      | Bought a scroll of identify for 22 gold pieces
   724 | D:1      | Reached XP level 3. HP: 22/23 MP: 6/6
  1365 | D:2      | Found a faded altar of an unknown god.
  1378 | D:2      | Noticed Robin
  1388 | D:2      | Reached skill level 4 in Unarmed Combat
  1396 | D:2      | Killed Robin
  1516 | D:2      | Reached XP level 4. HP: 18/28 MP: 5/7
  2052 | D:2      | Noticed Natasha
  2060 | D:2      | Killed Natasha
  2065 | D:2      | Learned a level 3 spell: Spider Form
  2910 | D:3      | Found a bloodstained altar of Trog.
  2948 | D:3      | Reached XP level 5. HP: 23/33 MP: 8/8
  2952 | D:3      | Found Giam's Book Emporium.
  3177 | D:3      | Found a glowing drain.
  3195 | Sewer    | Entered a sewer
  3443 | Sewer    | Reached skill level 1 in Poison Magic
  3647 | Sewer    | Slain by a river rat

Illustrated notes

Levels and vault maps discovered:
D:1:      amcnicky_arrival_wind_blow, layout_basic, serial_shops,
          nicolae_square_shop
D:2:      layout_basic, basic_ecumenical_altar, uniq_robin, uniq_natasha
D:3:      layout_basic, minitemple, nicolae_overflow_crystal_walls,
          gup_sewer_entry_spiral, serial_shops, nicolae_shop_advertising_works
          [nicolae_subvault_shop_adworks], hangedman_decor_lopped,
          minmay_goblin_outpost
Sewer:    sewer_minmay_treatment

Skill      XL: |  1  2  3  4  5 |
---------------+----------------+-----
Unarmed Combat | 4 |  4.9
Transmutations | 3 |  3.4
Poison Magic   | 1 |  1.1
Fighting       | |  1.6
Dodging        | |  2.4
Spellcasting   | |  2.3

Action                   |  1- 3 |  4- 6 || total
-------------------------+-------+-------++-------
Melee: Unarmed           |    76 |   132 ||   208
       Constrict         |    23 |    20 ||    43
       Tentacles         |    10 |    13 ||    23
       Punch             |     3 |     4 ||     7
       Kick              |    10 |     5 ||    15
Throw: Dart              |     1 |       ||     1
 Cast: Beastly Appendage |     6 |     3 ||     9
       Wereblood         |     2 |     8 ||    10
       Spider Form       |       |     8 ||     8
  Use: Scroll            |       |     3 ||     3
 Stab: Sleeping          |     7 |     7 ||    14
Armor: Skin              |     7 |     9 ||    16
Dodge: Dodged            |    28 |    98 ||   126

Table legend: (Time is in decaauts)
 A = Elapsed time spent in this place.
 B = Non-inter-level travel time spent in this place.
 C = Inter-level travel time spent in this place.
 D = Time resting spent in this place.
 E = Time spent auto-exploring this place.
 F = Levels seen in this place.
 G = Mean time per level.
                   A        B        C        D        E       F      G
               +--------+--------+--------+--------+--------+-----+--------+
         Total |   3634 |   3593 |     41 |    222 |   2632 |   4 |  908.5 |
       Dungeon |   3186 |   3145 |     41 |    139 |   2371 |   3 | 1062.0 |
         Sewer |    447 |    447 |      0 |     83 |    261 |   1 |  447.0 |
               +--------+--------+--------+--------+--------+-----+--------+

Top non-repeatable levels by time:
     D:2: 1424 daAuts
     D:1: 1178 daAuts
     D:3: 584 daAuts
   Sewer: 447 daAuts
